3AAA
WILMINGTON BAY HAWKS @ BRINKLEY BELUGAS
08/17/2025
 
TOP OF THE 1ST
Wilmington Bay Hawks batting - Pitching for Brinkley Belugas : RHP Raúl Luna
Pitching: RHP Raúl Luna
Batting: LHB Brad Lawrence 0-0: Ball
1-0: Ball
2-0: Called Strike
2-1: Bunt for hit - play at first, batter OUT! 1-3
Batting: RHB Phil Terry 0-0: Ball
1-0: SINGLE (Line Drive, 7S)
Batting: RHB Tanyu Kimura 0-0: Called Strike
0-1: Ball
1-1: Swinging Strike
1-2: SINGLE (Groundball, 6MD)
Phil Terry to second
Runner from 2nd tries for 3rd, SAFE, no throw
Batting: LHB Javier Antonio 0-0: Ball
1-0: Foul Ball, location: 2F
1-1: Ball
2-1: Foul Ball, location: 2F
2-2: Foul Ball, location: 2F
2-2: SINGLE (Line Drive, 8LS)
Phil Terry scores
Tanyu Kimura to second
Batting: RHB Byron Isaacson 0-0: SINGLE (Line Drive, 78S)
Tanyu Kimura to third
Javier Antonio to second
Batting: RHB Abdul-Fattah bin Najjar 0-0: Swinging Strike
0-1: Grounds into double play, 5-4-3 (Groundball, 56)
Top of the 1st over - 1 run(s), 4 hit(s), 0 error(s), 2 left on base; Wilmington 1 - Brinkley 0
BOTTOM OF THE 1ST
Brinkley Belugas batting - Pitching for Wilmington Bay Hawks : RHP Claudio Díaz
Pitching: RHP Claudio Díaz
Batting: RHB Randy Tucker 0-0: Fly out, F5 (Popup, 5S)
Batting: RHB Jay Kidd 0-0: Ball
1-0: Ball
2-0: Called Strike
2-1: Foul Ball, location: 2F
2-2: Foul Ball, location: 2F
2-2: Fly out, F8 (Line Drive, 8RS)
Batting: RHB Reggie Kahn 0-0: Ground out 6-3 (Groundball, 6)
Bottom of the 1st over - 0 run(s), 0 hit(s), 0 error(s), 0 left on base; Wilmington 1 - Brinkley 0
TOP OF THE 2ND
Wilmington Bay Hawks batting - Pitching for Brinkley Belugas : RHP Raúl Luna
Batting: RHB Jaime Chavarriaga 0-0: Foul Ball, location: 2F
0-1: Ball
1-1: Called Strike
1-2: Strikes out swinging
Batting: RHB Broderick Terry 0-0: Called Strike
0-1: Ball
1-1: Ground out 6-3 (Groundball, 6)
Batting: RHB Daniel Cooper 0-0: Swinging Strike
0-1: Called Strike
0-2: Ball
1-2: Ball
2-2: Ball
3-2: Strikes out swinging
Top of the 2nd over - 0 run(s), 0 hit(s), 0 error(s), 0 left on base; Wilmington 1 - Brinkley 0
BOTTOM OF THE 2ND
Brinkley Belugas batting - Pitching for Wilmington Bay Hawks : RHP Claudio Díaz
Batting: LHB Eric Porter 0-0: Ball
1-0: Foul Ball, location: 2F
1-1: Fly out, F4 (Line Drive, 4)
Batting: RHB Steve Jones 0-0: Ball
1-0: Swinging Strike
1-1: Foul Ball, location: 2F
1-2: Ground out 6-3 (Groundball, 6)
Batting: RHB Jason Weston 0-0: Called Strike
0-1: Foul Ball, location: 2F
0-2: Ball
1-2: Ball
2-2: Foul Ball, location: 2F
2-2: Ground out 5-3 (Groundball, 56S)
Bottom of the 2nd over - 0 run(s), 0 hit(s), 0 error(s), 0 left on base; Wilmington 1 - Brinkley 0
TOP OF THE 3RD
Wilmington Bay Hawks batting - Pitching for Brinkley Belugas : RHP Raúl Luna
Batting: LHB Brad Lawrence 0-0: Called Strike
0-1: Foul Ball, location: 2F
0-2: Foul Ball, location: 2F
0-2: Ball
1-2: Strikes out swinging
Batting: RHB Phil Terry 0-0: Ground out 5-3 (Groundball, 56)
Batting: RHB Tanyu Kimura 0-0: Ball
1-0: Ball
2-0: Foul Ball, location: 2F
2-1: Ball
3-1: Base on Balls
Batting: LHB Javier Antonio 0-0: Called Strike
0-1: Ball
1-1: Foul Ball, location: 2F
1-2: Ball
Balk!
Tanyu Kimura to second
2-2: Foul Ball, location: 2F
2-2: Strikes out swinging
Top of the 3rd over - 0 run(s), 0 hit(s), 0 error(s), 1 left on base; Wilmington 1 - Brinkley 0
BOTTOM OF THE 3RD
Brinkley Belugas batting - Pitching for Wilmington Bay Hawks : RHP Claudio Díaz
Batting: SHB Noel King 0-0: Called Strike
0-1: Ball
1-1: Foul Ball, location: 2F
1-2: Foul Ball, location: 2F
1-2: Ball
2-2: Ball
3-2: SINGLE (Line Drive, 34D)
Batting: RHB Parker Smith 0-0: Ball
1-0: Ball
Noel King steals 2nd base
2-0: Foul Ball, location: 2F
2-1: Ground out U3 (Groundball, 34)
Noel King to third
Batting: RHB Tom Christensen 0-0: Ball
1-0: Called Strike
1-1: Fly out, F6 (Line Drive, 56)
Batting: RHB Randy Tucker 0-0: Ball
1-0: Ball
2-0: Ball
3-0: Called Strike
3-1: Ground out 3-1 (Groundball, 34S)
Bottom of the 3rd over - 0 run(s), 1 hit(s), 0 error(s), 1 left on base; Wilmington 1 - Brinkley 0
TOP OF THE 4TH
Wilmington Bay Hawks batting - Pitching for Brinkley Belugas : RHP Raúl Luna
Batting: RHB Byron Isaacson 0-0: Called Strike
0-1: Swinging Strike
0-2: Ball
1-2: Ball
2-2: Strikes out swinging
Batting: RHB Abdul-Fattah bin Najjar 0-0: SINGLE (Flyball, 9LM)
Batting: RHB Jaime Chavarriaga 0-0: Called Strike
0-1: Foul Ball, location: 2F
0-2: Strikes out swinging
Batting: RHB Broderick Terry 0-0: Foul Ball, location: 2F
0-1: Swinging Strike
0-2: Ball
1-2: Strikes out looking
Top of the 4th over - 0 run(s), 1 hit(s), 0 error(s), 1 left on base; Wilmington 1 - Brinkley 0
BOTTOM OF THE 4TH
Brinkley Belugas batting - Pitching for Wilmington Bay Hawks : RHP Claudio Díaz
Batting: RHB Jay Kidd 0-0: Fly out, F9 (Flyball, 89M)
Batting: RHB Reggie Kahn 0-0: Foul Ball, location: 2F
0-1: Ball
1-1: Swinging Strike
1-2: Foul Ball, location: 2F
1-2: Ground out 4-3 (Groundball, 4)
Batting: LHB Eric Porter 0-0: Ball
1-0: Ball
2-0: Foul Ball, location: 2F
2-1: Ball
3-1: Called Strike
3-2: Fly out, F8 (Flyball, 8RM)
Bottom of the 4th over - 0 run(s), 0 hit(s), 0 error(s), 0 left on base; Wilmington 1 - Brinkley 0
TOP OF THE 5TH
Wilmington Bay Hawks batting - Pitching for Brinkley Belugas : RHP Raúl Luna
Batting: RHB Daniel Cooper 0-0: Called Strike
0-1: Ball
1-1: Swinging Strike
1-2: Ball
2-2: Ball
3-2: Base on Balls
Batting: LHB Brad Lawrence 0-0: Bunted foul
0-1: Bunted foul
0-2: 2-RUN HOME RUN (Flyball, 9D), Distance : 387 ft
Batting: RHB Phil Terry 0-0: Ball
1-0: Ball
2-0: Foul Ball, location: 2F
2-1: Ball
3-1: Foul Ball, location: 2F
3-2: DOUBLE (Flyball, 89XD)
Batting: RHB Tanyu Kimura 0-0: Ball
1-0: Ball
Wild Pitch!
Phil Terry to third
2-0: Ball
3-0: Base on Balls
Batting: LHB Javier Antonio 0-0: Ball
1-0: Swinging Strike
1-1: Ball
2-1: Ball
3-1: Foul Ball, location: 2F
3-2: Base on Balls
Tanyu Kimura to second
Batting: RHB Byron Isaacson 0-0: Called Strike
0-1: Foul Ball, location: 2F
0-2: Foul Ball, location: 2F
0-2: Strikes out swinging
Batting: RHB Abdul-Fattah bin Najjar 0-0: Foul Ball, location: 2F
0-1: Ball
1-1: Ball
2-1: Called Strike
2-2: Foul Ball, location: 2F
2-2: Ball
3-2: Base on Balls
Phil Terry scores
Tanyu Kimura to third
Javier Antonio to second
Batting: RHB Jaime Chavarriaga 0-0: Ball
1-0: Ball
2-0: SINGLE (Groundball, 34D)
Tanyu Kimura scores
Javier Antonio to third
Abdul-Fattah bin Najjar to second
Runner from 3rd tries for Home, SAFE, throw made home
Abdul-Fattah bin Najjar to third
Jaime Chavarriaga to second
Pitching: LHP Glen Holland
Batting: RHB Broderick Terry 0-0: Called Strike
0-1: Swinging Strike
0-2: Ball
1-2: Strikes out swinging
Batting: RHB Daniel Cooper 0-0: Called Strike
0-1: Swinging Strike
0-2: Foul Ball, location: 2F
0-2: SINGLE (Line Drive, 6D)
Abdul-Fattah bin Najjar scores
Jaime Chavarriaga to third
Batting: LHB Brad Lawrence 0-0: Ball
1-0: Called Strike
1-1: SINGLE (Flyball, 89S)
Jaime Chavarriaga scores
Daniel Cooper to second
Runner from 2nd tries for 3rd, SAFE, throw made to third
Brad Lawrence to second
Batting: RHB Phil Terry 0-0: Called Strike
0-1: Called Strike
0-2: Foul Ball, location: 2F
0-2: Foul Ball, location: 2F
0-2: Foul Ball, location: 2F
0-2: Strikes out looking
Top of the 5th over - 7 run(s), 5 hit(s), 0 error(s), 2 left on base; Wilmington 8 - Brinkley 0
BOTTOM OF THE 5TH
Brinkley Belugas batting - Pitching for Wilmington Bay Hawks : RHP Claudio Díaz
Batting: RHB Steve Jones 0-0: Ball
1-0: Foul Ball, location: 2F
1-1: Foul Ball, location: 2F
1-2: SINGLE (Groundball, 15S) (infield hit)
Batting: RHB Jason Weston 0-0: Grounds into double play, 4-6-3 (Groundball, 4M)
Batting: SHB Noel King 0-0: Foul Ball, location: 2F
0-1: Foul Ball, location: 2F
0-2: Ball
1-2: Fly out, F8 (Line Drive, 78XD)
Bottom of the 5th over - 0 run(s), 1 hit(s), 0 error(s), 0 left on base; Wilmington 8 - Brinkley 0
TOP OF THE 6TH
Wilmington Bay Hawks batting - Pitching for Brinkley Belugas : LHP Glen Holland
Batting: RHB Tanyu Kimura 0-0: Ground out 5-3 (Groundball, 56)
Batting: LHB Javier Antonio 0-0: Called Strike
0-1: Ball
1-1: Foul Ball, location: 2F
1-2: Foul Ball, location: 2F
1-2: Ball
2-2: Ball
3-2: Fly out, F3 (Line Drive, 3)
Batting: RHB Byron Isaacson 0-0: Ball
1-0: Ball
2-0: Ball
3-0: Base on Balls
Batting: RHB Abdul-Fattah bin Najjar 0-0: Called Strike
0-1: Ball
1-1: DOUBLE (Flyball, 7)
Byron Isaacson to third
Runner from 3rd tries for Home, SAFE, no throw
Batting: RHB Jaime Chavarriaga 0-0: Swinging Strike
0-1: Fly out, F4 (Line Drive, 4)
Top of the 6th over - 1 run(s), 1 hit(s), 0 error(s), 1 left on base; Wilmington 9 - Brinkley 0
BOTTOM OF THE 6TH
Brinkley Belugas batting - Pitching for Wilmington Bay Hawks : RHP Claudio Díaz
Batting: RHB Parker Smith 0-0: Ball
1-0: Ball
2-0: Ball
3-0: Called Strike
3-1: Base on Balls
Batting: RHB Tom Christensen 0-0: Called Strike
0-1: Ball
1-1: Called Strike
1-2: Ball
2-2: Strikes out looking
Batting: RHB Randy Tucker 0-0: Ball
1-0: Ball
2-0: Ball
3-0: Called Strike
3-1: Base on Balls
Parker Smith to second
Batting: RHB Jay Kidd 0-0: Hit by Pitch
Parker Smith to third
Randy Tucker to second
Batting: RHB Reggie Kahn 0-0: Ball
1-0: Foul Ball, location: 2F
1-1: Foul Ball, location: 2F
1-2: Strikes out looking
Batting: LHB Eric Porter 0-0: Ball
1-0: Foul Ball, location: 2F
1-1: Ball
2-1: Swinging Strike
2-2: Strikes out swinging
Bottom of the 6th over - 0 run(s), 0 hit(s), 0 error(s), 3 left on base; Wilmington 9 - Brinkley 0
TOP OF THE 7TH
Wilmington Bay Hawks batting - Pitching for Brinkley Belugas : LHP Glen Holland
Batting: RHB Broderick Terry 0-0: Called Strike
0-1: Called Strike
0-2: Foul Ball, location: 2F
0-2: Foul Ball, location: 2F
0-2: Ground out 5-3 (Groundball, 56)
Batting: RHB Daniel Cooper 0-0: Foul Ball, location: 2F
0-1: Swinging Strike
0-2: Ground out U3 (Groundball, 34)
Batting: LHB Brad Lawrence 0-0: Called Strike
0-1: Called Strike
0-2: Fly out, F7 (Flyball, 7)
Top of the 7th over - 0 run(s), 0 hit(s), 0 error(s), 0 left on base; Wilmington 9 - Brinkley 0
BOTTOM OF THE 7TH
Brinkley Belugas batting - Pitching for Wilmington Bay Hawks : RHP Claudio Díaz
Batting: RHB Steve Jones 0-0: Called Strike
0-1: Ball
1-1: Foul Ball, location: 2F
1-2: SINGLE (Flyball, 7S)
Batting: RHB Jason Weston 0-0: Ball
1-0: Foul Ball, location: 2F
1-1: Called Strike
1-2: Strikes out swinging
Batting: SHB Noel King 0-0: Called Strike
0-1: Ball
1-1: Swinging Strike
1-2: Ball
2-2: Ball
3-2: Foul Ball, location: 2F
3-2: SINGLE (Flyball, 8RS)
Steve Jones to second
Runner from 2nd tries for 3rd, SAFE, throw made to third
Noel King to second
Batting: RHB Parker Smith 0-0: Called Strike
0-1: SINGLE (Groundball, 25) (infield hit)
Steve Jones scores
Noel King to third
Batting: RHB Tom Christensen 0-0: Foul Ball, location: 2F
0-1: Called Strike
0-2: Foul Ball, location: 2F
0-2: Ball
1-2: Ball
2-2: Ball
3-2: Fly out, F9 (Flyball, 9)
Runner from 3rd tags up, SCORES, no throw
Pitching: RHP Lanny Larson
Batting: RHB Randy Tucker 0-0: Ball
1-0: Called Strike
1-1: Foul Ball, location: 2F
1-2: SINGLE (Line Drive, 78M)
Parker Smith to second
Batting: RHB Jay Kidd 0-0: Called Strike
0-1: Fielders Choice at 2nd, 4-6 (Groundball, 4)
Bottom of the 7th over - 2 run(s), 4 hit(s), 0 error(s), 1 left on base; Wilmington 9 - Brinkley 2
TOP OF THE 8TH
Wilmington Bay Hawks batting - Pitching for Brinkley Belugas : LHP Glen Holland
Batting: RHB Phil Terry 0-0: Ball
1-0: Fly out, F8 (Flyball, 8RM)
Batting: RHB Tanyu Kimura 0-0: Called Strike
0-1: Foul Ball, location: 2F
0-2: Ball
1-2: Ball
2-2: Ball
3-2: Ground out 6-3 (Groundball, 6)
Batting: LHB Javier Antonio 0-0: Foul Ball, location: 2F
0-1: Ball
1-1: Called Strike
1-2: Ball
2-2: Strikes out looking
Top of the 8th over - 0 run(s), 0 hit(s), 0 error(s), 0 left on base; Wilmington 9 - Brinkley 2
BOTTOM OF THE 8TH
Brinkley Belugas batting - Pitching for Wilmington Bay Hawks : RHP Lanny Larson
Now at 2B: Stephen Johnson
Now in LF: José Ramos
Batting: RHB Reggie Kahn 0-0: Ball
1-0: Ball
2-0: SINGLE (Groundball, 56D)
Batting: LHB Eric Porter 0-0: Ball
1-0: Ground out U3 (Groundball, 34S)
Reggie Kahn to second
Batting: RHB Steve Jones 0-0: Called Strike
0-1: Ball
1-1: Foul Ball, location: 2F
1-2: Ball
2-2: Foul Ball, location: 2F
2-2: Fly out, F7 (Flyball, 78M)
Batting: RHB Jason Weston 0-0: Called Strike
0-1: Ball
1-1: Foul Ball, location: 2F
1-2: Ball
2-2: Ball
3-2: Base on Balls
Batting: SHB Noel King 0-0: Swinging Strike
0-1: Fly out, F4 (Popup, 4D)
Bottom of the 8th over - 0 run(s), 1 hit(s), 0 error(s), 2 left on base; Wilmington 9 - Brinkley 2
TOP OF THE 9TH
Wilmington Bay Hawks batting - Pitching for Brinkley Belugas : LHP Glen Holland
Pitching: LHP Ramón García
Batting: RHB Byron Isaacson 0-0: Ball
1-0: SINGLE (Groundball, 56) (infield hit)
Batting: RHB Abdul-Fattah bin Najjar 0-0: Ball
1-0: Called Strike
1-1: Grounds into double play, 1-6-3 (Groundball, 13S)
Batting: RHB Jaime Chavarriaga 0-0: Ball
1-0: Foul Ball, location: 2F
1-1: Called Strike
1-2: Strikes out swinging
Top of the 9th over - 0 run(s), 1 hit(s), 0 error(s), 0 left on base; Wilmington 9 - Brinkley 2
BOTTOM OF THE 9TH
Brinkley Belugas batting - Pitching for Wilmington Bay Hawks : RHP Lanny Larson
Batting: RHB Parker Smith 0-0: Called Strike
0-1: Ball
1-1: Ball
2-1: Foul Ball, location: 2F
2-2: Ground out 5-3 (Groundball, 56)
Batting: RHB Tom Christensen 0-0: Fly out, F9 (Flyball, 9LSF)
Batting: RHB Randy Tucker 0-0: Called Strike
0-1: Ball
1-1: Called Strike
1-2: Ball
2-2: Foul Ball, location: 2F
2-2: Ground out 5-3 (Groundball, 56)
Bottom of the 9th over - 0 run(s), 0 hit(s), 0 error(s), 0 left on base; Wilmington 9 - Brinkley 2
Friday, December 30th, 2016 - OOTP Baseball 17.12 Build 75